 Dungeon Crawl Stone Soup version 0.13-a0-3104-gb5885e9 (webtiles) character file.

188 Malachi the Poker (level 3, 0/28 HPs)
             Began as a Djinni Chaos Knight on Sept 19, 2013.
             Was a Plaything of Xom.
             Slain by a deep elf conjurer
             ... wielding a +0,+0 elven dagger
              (3 damage)
             ... on Level 1 of the Dungeon.
             The game lasted 00:02:02 (5910 turns).

Malachi the Poker (Djinni Chaos Knight)             Turns: 5910, Time: 00:02:03

HP   0/28        AC  3     Str 12      XL: 3   Next:  0%
MP   0/0         EV 10     Int 13      God: Xom
Gold 160         SH  0     Dex 10      Spells:  0 memorised,  2 levels left

Res.Fire  : + + +   See Invis. : .   a - +0 spear (chaos) {=f}
Res.Cold  : x . .   Warding    : .   b - +2 leather armour
Life Prot.: + + +   Conserve   : .   (no shield)
Res.Poison: .       Res.Corr.  : .   (no helmet)
Res.Elec. : .       Clarity    : .   (no cloak)
Sust.Abil.: . .     Spirit.Shd : .   (no gloves)
Res.Mut.  : .       Stasis     : .   (boots unavailable)
Res.Rott. : .       Flight     : .   (no amulet)
Saprovore : . . .                    (no ring)
                                     (no ring)

@: slowed, very slow, not resistant to hostile enchantments, very unstealthy
A: fire immunity, cold vulnerability, deformed body, mutation resistance 1, life
protection 3, slow healing 1, Dex -2
a: Renounce Religion


You were on level 1 of the Dungeon.
You worshipped Xom.
You were a beloved toy of Xom.
You were not hungry.

You visited 1 branch of the dungeon, and saw 1 of its levels.

You collected 140 gold pieces.

Inventory:

Hand weapons
 a - a +0,+0 spear of chaos (weapon) {=f}
Armour
 b - a +2 leather armour (worn)
Scrolls
 c - a scroll of enchant armour {unknown}
Potions
 d - a potion of agility {unknown}
 e - a potion of curing


   Skills:
 + Level 3.1 Fighting
 + Level 3.4 Polearms
 + Level 2.5 Armour
 + Level 1.2 Dodging


You had 2 spell levels left.
You didn't know any spells.

Dungeon Overview and Level Annotations

Branches:
Dungeon (1/27)

Altars:


Innate Abilities, Weirdness & Mutations

You are immune to all types of fire, even holy and hellish.
You are vulnerable to cold.
You need no food.
You have no legs.
You are immune to negative energy.
You are clumsy. (Dex -2)
Armour fits poorly on your strangely shaped body.
You are somewhat resistant to further mutation.
You heal slowly.


Message History

Your deep elf mage casts a spell.
Your deep elf mage blinks!
The deep elf fighter hits you with an elven scimitar!
You closely miss the deep elf fighter.
The deep elf fighter gestures at you while chanting.
You feel yourself slow down.
You completely miss the deep elf fighter.
The deep elf conjurer barely misses you.
The deep elf fighter hits you with an elven scimitar.
Your deep elf mage gestures wildly while chanting.
Your deep elf mage blinks!
The deep elf conjurer closely misses you.
You hit the deep elf fighter.
The deep elf fighter changes into a hog!
Xom roars with laughter!
The hog bites you!
* * * LOW HITPOINT WARNING * * *
The deep elf conjurer hits you with an elven dagger.
You die...
Xom roars with laughter!

#.....###.###.# #.#.#
##.....# #.###.###.#.#
####%.####...........#
##.(....##.###.##....#
###.#..##.# #.##....#
##......##.# #.##§...#
##......##.###)##..(.#
####.#.###.#....he...#
##......##.#....@###.#
##......##..((..§# #.#
##.#.#.###.#(..§(# #.#
#......##.#..§..# #.#
#......##.#..)..# #.#
###.##.##.#.....# #.#
#......##%#.....###.###
#......##.#.....##....#
###...<##.########....#


You could see a deep elf conjurer and a hog shaped shifter.

Vanquished Creatures
  An ooze (D:1)
  A ball python (D:1)
  6 bats (D:1)
  2 giant cockroaches (D:1)
  3 hobgoblins (D:1)
  2 giant newts (D:1)
  2 goblins (D:1)
  5 kobolds (D:1)
  4 rats (D:1)
26 creatures vanquished.

Notes
Turn   | Place    | Note
--------------------------------------------------------------
     0 | D:1      | Malachi, the Djinni Chaos Knight, began the quest for the Orb.
     0 | D:1      | Reached XP level 1. HP: 15/15 MP: 0/0
    24 | D:1      | Reached skill level 1 in Dodging
   217 | D:1      | Reached XP level 2. EP: 21/21
   316 | D:1      | XOM: harmless Tloc miscast
  1818 | D:1      | XOM: noise
  3965 | D:1      | XOM: give mutations
  3965 | D:1      | Gained mutation: You are clumsy. (Dex -2) [Xom's mischief]
  3965 | D:1      | Gained mutation: Armour fits poorly on your strangely shaped body. [Xom's mischief]
  3965 | D:1      | Gained mutation: You heal slowly. [Xom's mischief]
  4267 | D:1      | XOM: divination: detect creatures
  4440 | D:1      | XOM: god gift: yellow potion
  4462 | D:1      | Reached XP level 3. EP: 18/28
  5449 | D:1      | XOM: divination: detect creatures
  5451 | D:1      | XOM: god gift: 14 exploding darts
  5512 | D:1      | XOM: divination: detect creatures
  5685 | D:1      | XOM: god gift: 2 lumpy green potions
  5753 | D:1      | XOM: god gift: 57 gold pieces
  5757 | D:1      | XOM: give mutations
  5757 | D:1      | Gained mutation: You evolve. [Xom's grace]
  5757 | D:1      | Lost mutation: You evolve. [Xom's grace]
  5757 | D:1      | Gained mutation: You are somewhat resistant to further mutation. [Xom's grace]
  5812 | D:1      | XOM: colour smoke trail
  5904 | D:1      | Noticed a deep elf fighter
  5905 | D:1      | Noticed a deep elf conjurer
  5905 | D:1      | Noticed a deep elf mage
  5906 | D:1      | XOM: enchant monster (good)
  5910 | D:1      | Noticed a hog
  5910 | D:1      | a deep elf fighter changed into a hog
  5910 | D:1      | Slain by a deep elf conjurer

Action                   || total
-------------------------++-------
Melee: Spear             ||    95
  Use: Potion            ||     2
 Stab: Distracted        ||     1
